 Dungeon Crawl Stone Soup version 0.28-a0-1212-gc6b4282bc0 (webtiles) character file.

Game seed: 16854020283940068803

460 ChaosChampion the Skirmisher (level 7, 0/72 HPs)
             Began as an Ogre Warper on Dec 21, 2021.
             Slain by a hound (2 damage)
             ... on level 4 of the Dungeon.
             The game lasted 00:03:28 (3695 turns).

ChaosChampion the Skirmisher (Ogre Warper)          Turns: 3695, Time: 00:03:29

Health: 0/72       AC:  3    Str: 18    XL:     7   Next: 7%
Magic:  13/13      EV:  9    Int: 14    God:
Gold:   206        SH:  0    Dex:  8    Spells: 13/15 levels left

rFire   . . .      SeeInvis .   g - +2 quarterstaff (spect)
rCold   . . .      Faith    .   (shield currently unavailable)
rNeg    . . .      Spirit   .   b - +0 robe
rPois   .          Reflect  .   (helmet restricted)
rElec   .          Harm     .   (no cloak)
rCorr   .          Rampage  .   (gloves unavailable)
Will    .....                   (boots unavailable)
Stlth   +.........              (no amulet)
HPRegen 0.22/turn               (no ring)
MPRegen 0.13/turn               (no ring)

@: no status effects
A: large, unfitting armour, tough skin 1
a: no special abilities


You were on level 4 of the Dungeon.
You visited 2 branches of the dungeon, and saw 5 of its levels.

You collected 206 gold pieces.

Inventory:

Hand Weapons
 a - a +0 mace
 g - a +2 spectral quarterstaff (weapon)
Missiles
 d - 5 boomerangs of dispersal (quivered)
 m - 3 boomerangs
Armour
 b - a +0 robe (worn)
Jewellery
 k - an amulet of faith
Scrolls
 c - a scroll of blinking
 e - 4 scrolls of identify {unknown}
 f - 3 scrolls of enchant weapon {unknown}
 h - a scroll of fear {unknown}
 i - 2 scrolls of holy word {unknown}
 j - 2 scrolls of noise {unknown}
 n - a scroll of amnesia {unknown}
Potions
 l - 4 potions of curing {unknown}
 o - a potion of might {unknown}


   Skills:
 + Level 5.2 Fighting
 + Level 3.6 Maces & Flails
 - Level 1.0 Throwing
 - Level 2.1 Dodging
 + Level 4.5 Spellcasting
 + Level 4.2 Translocations


You had 13 spell levels left.
You knew the following spells:

 Your Spells              Type           Power      Damage    Failure   Level
a - Blink                 Tloc           30%        N/A       4%          2

Your spell library contained the following spells:

 Spells                   Type           Power      Damage    Failure   Level
 Gell's Gravitas          Tloc           15%        N/A       10%         3
 Lesser Beckoning         Tloc           15%        N/A       10%         3
 Teleport Other           Tloc           15%        N/A       10%         3
 Manifold Assault         Tloc           15%        N/A       65%         5


Dungeon Overview and Level Annotations

Branches:
Dungeon (4/15)             Temple (1/1) D:4

Altars:
Dithmenos
Fedhas
Gozag
Kikubaaqudgha
Nemelex Xobeh
Qazlal
Ru
Trog
Vehumet
Xom
Zin
The Shining One


Innate Abilities, Weirdness & Mutations

You are too large for most types of armour.
You have tough skin. (AC +1)


Message History

You are too injured to fight recklessly!
You are too injured to fight recklessly!
You closely miss the hound.
The hound is almost dead.
The hound bites you. The gnoll hits you with a +0 club. The hound bites you.
You closely miss the hound.
The hound is almost dead.
The gnoll hits you with a +0 club!
* * * LOW HITPOINT WARNING * * *
The hound bites you but does no damage. The gnoll misses you.
You hit the hound.
You kill the hound!
The gnoll hits you with a +0 club.
* * * LOW HITPOINT WARNING * * *
You have reached level 7!
The hound bites you.
* * * LOW HITPOINT WARNING * * *
The hound bites you.
* * * LOW HITPOINT WARNING * * *
The hound completely misses you.
You barely miss the hound. The hound barely misses you. x2
You sock the hound!
The hound is heavily wounded.
The hound closely misses you.
You barely miss the hound.
The hound is heavily wounded.
The hound bites you but does no damage. The hound closely misses you.
You hit the hound.
The hound is severely wounded.
The hound closely misses you. x2
You closely miss the hound.
The hound is severely wounded.
The hound bites you.
* * * LOW HITPOINT WARNING * * *
The hound bites you.
* * * LOW HITPOINT WARNING * * *
You completely miss the hound.
The hound is severely wounded.
The hound bites you.
You die...

..######.......# #####
..........##.### +...#
.########.##.# #...# '##
#...#.# +...# ..##
#.....#####'##### ...##
#.........P.P...# ....##
##..####........#
.....####...######.###....
.....+..........@hg.......
.....####...##########....
....####........# .#
...###.......##.# ..##
#.#..##.# +## #.#††...# .#
#.#.##.># .#####.#.# ..#
.##......# .#


You could see a hound and a gnoll.

Vanquished Creatures
  Grinder (D:4)
  A scorpion (D:4)
  A hound (D:4)
  Natasha (thrice) (D:2)
  Robin (D:2)
  4 adders
  A worm (D:3)
  A dart slug (D:3)
  2 orcs (D:3)
  3 bats
  7 endoplasms
  3 giant cockroaches
  11 goblins
  9 hobgoblins
  3 jackals (D:4)
  A quokka (D:1)
  3 ball pythons
  2 frilled lizards (D:1)
  4 kobolds
  3 rats
64 creatures vanquished.

Notes
Turn   | Place    | Note
-------+----------+-------------------------------------------
     0 | D:1      | ChaosChampion the Ogre Warper began the quest for the Orb.
     0 | D:1      | Reached XP level 1. HP: 22/22 MP: 3/3
   350 | D:1      | Reached XP level 2. HP: 20/29 MP: 5/5
   451 | D:1      | Reached skill level 3 in Fighting
   468 | D:1      | Learned a level 2 spell: Blink
  1085 | D:2      | Noticed Natasha
  1087 | D:2      | Killed Natasha
  1088 | D:2      | Reached XP level 3. HP: 37/37 MP: 5/7
  1089 | D:2      | Noticed Robin
  1397 | D:2      | Reached XP level 4. HP: 39/45 MP: 8/8
  1398 | D:2      | Killed Robin
  1408 | D:2      | Noticed Natasha
  1412 | D:2      | Killed Natasha
  1745 | D:2      | Noticed Natasha
  1748 | D:2      | Reached XP level 5. HP: 54/54 MP: 10/10
  1755 | D:2      | Killed Natasha
  1756 | D:2      | Reached skill level 4 in Fighting
  3021 | D:4      | Noticed Grinder
  3021 | D:4      | Found a staircase to the Ecumenical Temple.
  3026 | D:4      | Paralysed by Grinder for 2 turns
  3029 | Temple   | Entered the Ecumenical Temple
  3274 | D:4      | Paralysed by Grinder for 6 turns
  3282 | D:4      | Killed Grinder
  3283 | D:4      | Reached XP level 6. HP: 65/65 MP: 10/12
  3405 | D:4      | Reached skill level 5 in Fighting
  3685 | D:4      | Reached XP level 7. HP: 15/72 MP: 13/13
  3694 | D:4      | HP: 2/72 [hound (3)]
  3695 | D:4      | Slain by a hound

Illustrated notes

Levels and vault maps discovered:
D:1:      lightli_arrival_statuegarden, layout_loops_corners, minmay_surrounded
D:2:      layout_rooms, due_unseen_surprise, uniq_natasha, uniq_robin
D:3:      layout_basic
D:4:      layout_loops_corners, minmay_temple_entry_mist, cheibrodos_gnoll_hut,
          uniq_grinder
Temple:   minmay_temple_bridge_abc

Skill      XL: |  1  2  3  4  5  6 |
---------------+-------------------+-----
Fighting       | 3 4 5 |  5.2
Maces & Flails | 2 3 |  3.6
Spellcasting   | 3 4 |  4.5
Translocations | 3 4 |  4.2
Throwing       | |  1.0
Dodging        | |  2.1

Action                   |  1- 3 |  4- 6 |  7- 9 || total
-------------------------+-------+-------+-------++-------
Melee: Mace              |    45 |       |       ||    45
       Quarterstaff      |    15 |    77 |     6 ||    98
 Cast: Blink             |     2 |     1 |       ||     3
Armor: Robe              |    23 |    25 |     1 ||    49
Dodge: Dodged            |    27 |    43 |     7 ||    77

Table legend: (Time is in decaauts)
 A = Elapsed time spent in this place.
 B = Non-inter-level travel time spent in this place.
 C = Inter-level travel time spent in this place.
 D = Time resting spent in this place.
 E = Time spent auto-exploring this place.
 F = Levels seen in this place.
 G = Mean time per level.
                   A        B        C        D        E       F      G
               +--------+--------+--------+--------+--------+-----+--------+
         Total |   3732 |   3659 |     73 |    245 |   2875 |   5 |  746.4 |
       Dungeon |   3493 |   3420 |     73 |    245 |   2708 |   4 |  873.2 |
        Temple |    238 |    238 |      0 |      0 |    167 |   1 |  238.0 |
               +--------+--------+--------+--------+--------+-----+--------+

Top non-repeatable levels by time:
     D:1: 1377 daAuts
     D:3: 1060 daAuts
     D:2: 609 daAuts
     D:4: 446 daAuts
  Temple: 238 daAuts
